[Event "Late-Titled-Tuesday-Blitz-August-29-2023"]
[Site "Chess.com"]
[Date "2023.08.29"]
[Round "10"]
[White "Rutricks"]
[Black "Athanasios2"]
[Result "1-0"]
[WhiteElo "2634"]
[BlackElo "2705"]
[TimeControl "180+1"]
[EndTime "15:53:12 PDT"]
[Termination "Rutricks won by resignation"]

1. b3 d5 2. Bb2 c5 3. e3 Nc6 4. Bb5 Bd7 5. Nf3 Nf6 6. O-O g6 7. c4 dxc4 8. Bxc4 Bg7 9. Nc3 O-O 10. Rc1 Rc8 11. h3 b6 12. Ba6 Rb8 13. d4 cxd4 14.
Nxd4 Nxd4 15. Qxd4 Bc6 16. Qc4 Bb7 17. Rfd1 Qc8 18.
Qxc8 Rfxc8 19. Bxb7 Rxb7 20. Nb5 Rxc1 21. Rxc1 a6 22.
Rc8+ Bf8 23. Bxf6 axb5 24. Bd4 Ra7 25. Rb8 Rxa2 26. Rxb6 f6 27. f4 g5 28. f5 h5 29.
g4 Ra5 30. Bc3 Ra7 31. Rxb5 hxg4 32. hxg4 Kf7 33. Rb6 e5 34. fxe6+ Kg6 35. Bd4 Rc7 36. b4 Be7 37. b5 f5 38. Rc6 Rb7 39. b6 Rb8 40.
Be5 Rb7 41. Rc7 Rxb6 42. Rxe7 fxg4 43. Rg7+ Kf5 44. e7 Re6 45. Bd6 Rxe3 46. Rg8 1-0

[Event "Late-Titled-Tuesday-Blitz-August-29-2023"]
[Site "Chess.com"]
[Date "2023.08.29"]
[Round "10"]
[White "lamomiajunior"]
[Black "stasOR4ik"]
[Result "1-0"]
[WhiteElo "2722"]
[BlackElo "2469"]
[TimeControl "180+1"]
[EndTime "15:53:14 PDT"]
[Termination "lamomiajunior won by checkmate"]

1. d4 d5 2. Nc3 Nf6 3. Bf4 a6 4. e3 c5 5. dxc5 Nc6 6. b3 e5 7. Bg5 Qa5 8. Qd2 Bxc5 9. Bxf6 Bb4 10. Nge2 gxf6 11. a3 d4 12. exd4 exd4 13. axb4 Qxa1+ 14. Nd1 Bf5 15. Ng3 Bg6 16. Bc4 O-O 17. O-O Ne5 18.
Bd5 Rac8 19. Qf4 Rxc2 20. Qxf6 Rc1 21. Qxe5 Rxd1 22. Bc4 b5 23. Nh5 Rxf1+ 24. Bxf1 Bxh5 25. Qxh5 d3 26. Qd5 Qc3 27. Bxd3 Re8 28. g3 Qe5 29. Qf3 Rd8 30. Bf5 Rd6 31. h4 Rf6 32. g4 Rd6 33. h5 Qe1+ 34. Kg2 Rd1 35. Qa8+ Kg7 36. h6+ Kxh6 37. Qf8+ Kg5 38. Qg7+ Kf4 39. Qh6+ Ke5 40.
Qg7+ Kd6 41. Qf6+ Kc7 42. Qxf7+ Kb8 43. Qg8+ Kc7 44. Qxh7+ Kc6 45. Qg6+ Kd5 46. Qf7+ Kd4 47. Qf6+ Kd5 48. Qd8+ Ke5 49. Qc7+ Kd4 50. Qc5# 1-0

[Event "Late-Titled-Tuesday-Blitz-August-29-2023"]
[Site "Chess.com"]
[Date "2023.08.29"]
[Round "10"]
[White "slidingknight2775"]
[Black "CheckBits"]
[Result "1-0"]
[WhiteElo "2541"]
[BlackElo "2413"]
[TimeControl "180+1"]
[EndTime "15:53:14 PDT"]
[Termination "slidingknight2775 won by checkmate"]

1. d4 d5 2. Nf3 c5 3. c4 dxc4 4. d5 a6 5. a4 Nf6 6. Nc3 e6 7. e4 exd5 8. exd5 Bd6 9. Bxc4 O-O 10. O-O h6 11. h3 Bf5 12. Re1 Nbd7 13. a5 Re8 14. Be3 Qc7 15. Qa4 Ne4 16. Qb3 Re7 17.
Bf1 Rae8 18. Rec1 Nef6 19. Na4 Rxe3 20. fxe3 Be4 21. Qd1 Qxa5 22. Nc3 Qb6 23. Na4 Qd8 24. Nc3 Bg6 25. Bd3 Rxe3 26. Bxg6 fxg6 27. Qd2 c4 28. Qxe3 Bc5 29. Nd4 Qb6 30. Rd1 Qxb2 31. Na4 Qb4 32. Nxc5 Nxc5 33. Rab1 Nxd5 34. Qe8+ Kh7 35. Rxb4 Nxb4 36.
Ne6 Nxe6 37. Qxe6 c3 38. Qb3 c2 39. Rc1 a5 40. Rxc2 a4 41. Qxb4 a3 42. Ra2 b5 43.
Rxa3 h5 44. Rb3 h4 45. Qxb5 g5 46. Qxg5 Kg8 47. Rb7 Kf8 48. Qd8# 1-0

[Event "Late-Titled-Tuesday-Blitz-August-29-2023"]
[Site "Chess.com"]
[Date "2023.08.29"]
[Round "10"]
[White "Zhigalko_Sergei"]
[Black "kingofthenil"]
[Result "0-1"]
[WhiteElo "2903"]
[BlackElo "2727"]
[TimeControl "180+1"]
[EndTime "15:53:16 PDT"]
[Termination "kingofthenil won on time"]

1. e4 e6 2. d4 d5 3. e5 c5 4. c3 Nc6 5. Nf3 Nh6 6. Na3 Nf5 7. Nc2 f6 8. Bd3 fxe5 9. Nxe5 Nxe5 10. dxe5 Be7 11.
Ne3 g6 12. Nxf5 exf5 13. Be3 Be6 14. O-O O-O 15. f4 Rc8 16. Qe2 d4 17. cxd4 cxd4 18. Bf2 Qd5 19. Rfd1 Rfd8 20. Bb5 Bc5 21. Rd2 a6 22.
Bd3 Bb4 23. Rdd1 Rc7 24. h3 Rdc8 25. a3 Ba5 26. Kh2 Bb6 27. Rd2 Rc1 28. Rxc1 Rxc1 29.
Rc2 Rxc2 30. Qxc2 Qb3 31. Qxb3 Bxb3 32. g4 Be6 33. Kg3 Kf7 34. Kf3 Bd5+ 35. Ke2 Ke6 36.
gxf5+ gxf5 37. Bh4 Ba5 38. Bf2 Bb6 39. Bg1 a5 40. Bf2 a4 41. Bb5 Bg2 42. h4 Kd5 43. Bxa4 d3+ 44. Kxd3 Bf1+ 0-1

[Event "Late-Titled-Tuesday-Blitz-August-29-2023"]
[Site "Chess.com"]
[Date "2023.08.29"]
[Round "10"]
[White "Mikhail_Golubev"]
[Black "FaustinoOro"]
[Result "0-1"]
[WhiteElo "2595"]
[BlackElo "2872"]
[TimeControl "180+1"]
[EndTime "15:53:16 PDT"]
[Termination "FaustinoOro won on time"]

1. e4 c5 2. Nf3 d6 3. d4 cxd4 4. Nxd4 Nf6 5. Nc3 a6 6. Bc4 e6 7. O-O Be7 8. Bb3 O-O 9. f4 Nbd7 10. Be3 Nc5 11. Qf3 Qc7 12. g4 b5 13. g5 Nfxe4 14. Nxe4 Bb7 15. Nxe6 fxe6 16. Nxc5 dxc5 17. Bxe6+ Kh8 18.
Bd5 Bxd5 19. Qxd5 Rad8 20. Qg2 Rde8 21. Rae1 c4 22. Kh1 Rf5 23. Bd4 Ref8 24. g6 h6 25. Re6 Bd6 26. Rfe1 Rxf4 27. Rxd6 Qxd6 28. Be5 Qe7 29.
Qd2 Qb7+ 30. Kg1 Rg4+ 31. Bg3 Rxg6 32. c3 Qf3 33. Qg2 Qxg2+ 34. Kxg2 Rd8 35. Re2 Rg5 36. Kf3 Rgd5 37. Bf4 Rd1 38. Be3 R1d3 39. Kf2 Re8 0-1

[Event "Late-Titled-Tuesday-Blitz-August-29-2023"]
[Site "Chess.com"]
[Date "2023.08.29"]
[Round "10"]
[White "Haykoooo0o"]
[Black "Alexei_Gubajdullin"]
[Result "0-1"]
[WhiteElo "2465"]
[BlackElo "2611"]
[TimeControl "180+1"]
[EndTime "15:53:17 PDT"]
[Termination "Alexei_Gubajdullin won by checkmate"]

1. d4 Nf6 2. Nf3 g6 3. Bf4 Bg7 4. h3 O-O 5. e3 d6 6. c3 Nbd7 7.
Be2 Qe8 8. O-O e5 9. Bh2 Qe7 10.
Na3 e4 11. Nd2 Re8 12. Nb5 Nf8 13. c4 h5 14. Qc2 a6 15. Nc3 Bf5 16. Nd5 Nxd5 17.
cxd5 Nh7 18. Rac1 Rec8 19. Qb3 Rab8 20. Nc4 Ng5 21. Rfe1 h4 22. Na5 Qf6 23. Nxb7 Bxh3 24. gxh3 Nxh3+ 25. Kg2 Ng5 26. Bf4 Qf5 27. Bxg5 Qxg5+ 28. Kh2 Qf5 29. Kg1 h3 30. Bf1 Bf6 31. Rc2 Kg7 32.
Kh2 Rh8 33. Rd2 Bh4 34. Ree2 Qf3 35. a4 Rh5 36. Qc2 Rg5 37. Bxh3 Rh8 38. Qxc7 Qxh3+ 39. Kxh3 Bxf2# 0-1

[Event "Late-Titled-Tuesday-Blitz-August-29-2023"]
[Site "Chess.com"]
[Date "2023.08.29"]
[Round "10"]
[White "dosto07"]
[Black "kiwibobo"]
[Result "1-0"]
[WhiteElo "2515"]
[BlackElo "2389"]
[TimeControl "180+1"]
[EndTime "15:53:17 PDT"]
[Termination "dosto07 won by resignation"]

1. e4 e5 2. Nf3 Nc6 3. Bb5 a6 4.
Ba4 Nf6 5. O-O b5 6. Bb3 Bc5 7. d3 d6 8. Be3 Bxe3 9. fxe3 Be6 10. Nbd2 O-O 11. Qe1 d5 12. exd5 Bxd5 13. e4 Bxb3 14.
axb3 Nd4 15. Qd1 Qd6 16. Kh1 c5 17. Nxd4 Qxd4 18. Rb1 Kh8 19. Qf3 Qd7 20. Qg3 Qg4 21.
Qxe5 Qe2 22. Qf4 Nh5 23. Qf2 Qg4 24. Qf3 Qg6 25. Qf5 Qh6 26. Qf2 f5 27. e5 f4 28. Kg1 Rae8 29. Nf3 Qc6 30. Rbe1 Qd5 31. d4 cxd4 32. Qxd4 Qxd4+ 33. Nxd4 g6 34. b4 Ng7 35. c3 Ne6 36. Nxe6 Rxe6 37. Re4 Rf5 38. Rfxf4 Rxf4 39. Rxf4 Rxe5 40. Kf2 Kg7 41. Rd4 Re6 42. Kf3 Kf6 43. Rf4+ Ke7 44. Re4 Rxe4 45. Kxe4 Ke6 46. Kd4 Kd6 47. h4 h5 48. b3 Kc6 49. c4 Kd6 50. Ke4 Ke6 51. Kf4 Kf6 52. c5 Ke6 53.
Kg5 Kd5 54. Kxg6 a5 55. bxa5 Kxc5 56. b4+ Kc6 1-0

[Event "Late-Titled-Tuesday-Blitz-August-29-2023"]
[Site "Chess.com"]
[Date "2023.08.29"]
[Round "10"]
[White "eldur16"]
[Black "Mourinho_Jose"]
[Result "1/2-1/2"]
[WhiteElo "2616"]
[BlackElo "2515"]
[TimeControl "180+1"]
[EndTime "15:53:18 PDT"]
[Termination "Game drawn by repetition"]

1. e4 e5 2. Nf3 Nf6 3. Nxe5 d6 4. Nd3 Nxe4 5. Nf4 Nf6 6. d4 c6 7. Bd3 g6 8. O-O Be7 9. c4 O-O 10. Nc3 Re8 11. Re1 Bf8 12. Rxe8 Qxe8 13. Bd2 Na6 14. Qf3 Bg7 15. Re1 Qd8 16. h3 Nc7 17. g4 Ne6 18. Nxe6 Bxe6 19. Bg5 h6 20. Bh4 g5 21. Bg3 d5 22. c5 Nd7 23. Qe3 Qf6 24. Ne2 h5 25.
f4 gxf4 26. Bxf4 hxg4 27. hxg4 Bxg4 28. Bg5 Qf3 29. Ng3 Bxd4 30. Qxd4 Qxg3+ 31. Kf1 Bh3+ 32. Ke2 Qxg5 33. Rg1 Bg2 34. Kf2 Qd2+ 35. Kg3 Re8 36. Rxg2 Qe3+ 37. Kh2+ Kf8 38. Qh8+ Ke7 39. Qh4+ Kf8 40.
Qh8+ Ke7 41. Qh4+ Kf8 42. Qh8+ 1/2-1/2

[Event "Late-Titled-Tuesday-Blitz-August-29-2023"]
[Site "Chess.com"]
[Date "2023.08.29"]
[Round "10"]
[White "nitpicker"]
[Black "Rinqed222"]
[Result "0-1"]
[WhiteElo "2279"]
[BlackElo "2233"]
[TimeControl "180+1"]
[EndTime "15:53:18 PDT"]
[Termination "Rinqed222 won on time"]

1. d4 Nf6 2. c4 g6 3. Nc3 Bg7 4. e4 d6 5. Be2 O-O 6. Nf3 Nbd7 7. Be3 e5 8. d5 Qe7 9. Nd2 c5 10. dxc6 bxc6 11. O-O Ne8 12. b4 f5 13. f3 f4 14. Bf2 g5 15. Nb3 h5 16. c5 dxc5 17.
Nxc5 Rf6 18. Qb3+ Kh8 19. N3a4 Nb6 20. Rfd1 g4 21. Nxb6 axb6 22. Nd3 g3 23. hxg3 fxg3 24. Bxg3 Rg6 25. Bf2 Qg5 26. g3 h4 27. g4 Nf6 28.
Qc3 Nxg4 29. fxg4 Bxg4 30. Kf1 Bh3+ 31. Ke1 Qg2 32. Kd2 Qxe4 33. Rh1 Bh6+ 34. Kd1 Bg4 35. Re1 Rd8 36. Kc2 Bxe2 37. Bxb6 Bxd3+ 38. Kb2 Qg2+ 39. Kb3 Qd5+ 40. Kb2 Bg7 41. Qb3 e4+ 0-1

[Event "Late-Titled-Tuesday-Blitz-August-29-2023"]
[Site "Chess.com"]
[Date "2023.08.29"]
[Round "10"]
[White "artin10862"]
[Black "DanielNaroditsky"]
[Result "1/2-1/2"]
[WhiteElo "2891"]
[BlackElo "3100"]
[TimeControl "180+1"]
[EndTime "15:53:21 PDT"]
[Termination "Game drawn by repetition"]

1. Nf3 Nf6 2. c4 g6 3. Nc3 Bg7 4. e4 d6 5. d4 O-O 6. Be2 e5 7. O-O exd4 8. Nxd4 Re8 9. f3 c6 10. Nc2 Nh5 11. Be3 f5 12. Bd4 Be5 13. exf5 Bxf5 14. Bxe5 dxe5 15. Qxd8 Rxd8 16. Ne3 Nf4 17. Rad1 Nd7 18. g3 Nxe2+ 19. Nxe2 Nc5 20. Nc3 Be6 21. b3 a5 22. Rxd8+ Rxd8 23. Rd1 Rd4 24. Kf1 Kf7 25. Ke2 Ke7 26. Nc2 Rxd1 27. Kxd1 g5 28. Ne3 h6 29. Ne4 Nd7 30. Kd2 b5 31. a3 bxc4 32.
bxc4 Nb6 33. Kc3 Na4+ 34. Kb3 Nb6 35. Nc5 Bc8 36. Kc3 Kf6 37. Ne4+ Ke7 38. Nc5 Kf6 39.
Ne4+ Ke7 40. Nc5 1/2-1/2

[Event "Late-Titled-Tuesday-Blitz-August-29-2023"]
[Site "Chess.com"]
[Date "2023.08.29"]
[Round "10"]
[White "LastGladiator1"]
[Black "Msb2"]
[Result "0-1"]
[WhiteElo "2908"]
[BlackElo "3020"]
[TimeControl "180+1"]
[EndTime "15:53:21 PDT"]
[Termination "Msb2 won on time"]

1. b3 d5 2. Bb2 Bf5 3. Nf3 e6 4. g3 Nf6 5. Bg2 h6 6. O-O Be7 7. c4 c6 8. d4 O-O 9. Nc3 Nbd7 10. Ne5 Bd6 11. Nd3 Bh7 12. Re1 a5 13. e4 dxe4 14.
Nxe4 Nxe4 15. Bxe4 Bxe4 16. Rxe4 Nf6 17. Rh4 a4 18.
Bc3 Be7 19. bxa4 Nd5 20. cxd5 Bxh4 21. gxh4 Qxd5 22. a5 Rfd8 23. Rb1 Qe4 24. Nc5 Qxh4 25. Qf3 Rd5 26. Rxb7 Rf5 27. Qe3 Qg4+ 28. Kh1 Rg5 29. Qg3 Qd1+ 30. Kg2 Rxg3+ 31. hxg3 Qc2 32. Bb4 Qxa2 33.
Kf3 Qd5+ 34. Ke3 e5 35. dxe5 Qxe5+ 36. Kd3 Rd8+ 37. Kc2 Qe2+ 38. Kc3 Qd2+ 39. Kb3 Qd1+ 40. Kc3 Qc1+ 41. Kb3 Qb1+ 42. Ka3 Ra8 43. Nb3 Qc2 44. Rc7 Qxf2 45. Rxc6 Qxg3 46. Ka4 Qg4 47. Nc5 Rb8 48. Rb6 Qd1+ 49. Kb5 Qe2+ 50. Ka4 Qe8+ 51. Ka3 Ra8 52. a6 h5 53. Rb7 Qc6 0-1

[Event "Late-Titled-Tuesday-Blitz-August-29-2023"]
[Site "Chess.com"]
[Date "2023.08.29"]
[Round "10"]
[White "reevecanada"]
[Black "JoshuaGK27"]
[Result "1-0"]
[WhiteElo "2547"]
[BlackElo "2415"]
[TimeControl "180+1"]
[EndTime "15:53:21 PDT"]
[Termination "reevecanada won on time"]

1. e4 e5 2. Nf3 Nc6 3. d4 exd4 4. Nxd4 Nf6 5. Nxc6 bxc6 6. Nd2 d6 7. Be2 g6 8. O-O Bg7 9. Bf3 Bd7 10. Nb3 O-O 11. Be3 Re8 12. Qd3 Bg4 13. Bxg4 Nxg4 14. Bd4 Ne5 15. Qd1 c5 16. Bc3 Nc4 17. Bxg7 Kxg7 18.
Qd5 Nb6 19. Qd3 Qf6 20. Nd2 Rab8 21. c3 Na4 22. Rab1 a5 23. Qc2 Nb6 24. a4 Qe6 25. b3 Nd7 26. c4 Nf6 27. Qc3 Qe5 28. Qxa5 Qd4 29. Rfd1 c6 30. h3 Rbc8 31. Nf3 Qxe4 32. Qc3 Qe6 33. a5 Qe7 34. a6 Ra8 35. Ra1 Kg8 36. Re1 Ne4 37. Qc1 d5 38. Qh6 Qf8 39.
Qf4 Qg7 40. Qc7 f5 41. Qxc6 dxc4 42. bxc4 Nc3 43. Rxe8+ Kf7 44. Rxa8 Ne2+ 45. Kh2 Qxa1 46. Qe8+ Kg7 47. Qxe2 1-0

[Event "Late-Titled-Tuesday-Blitz-August-29-2023"]
[Site "Chess.com"]
[Date "2023.08.29"]
[Round "10"]
[White "enriquetejedor"]
[Black "AryanTari"]
[Result "1-0"]
[WhiteElo "2769"]
[BlackElo "2923"]
[TimeControl "180+1"]
[EndTime "15:53:22 PDT"]
[Termination "enriquetejedor won on time"]

1. d4 Nf6 2. Nf3 g6 3. Nbd2 d5 4. e3 Bg7 5. b4 O-O 6. Bb2 a5 7.
b5 c5 8. bxc6 Nxc6 9. a3 a4 10.
Bd3 Qa5 11. O-O b5 12. Qe2 Ba6 13. Ne5 Nxe5 14. dxe5 Nd7 15. f4 e6 16. Bd4 Rfc8 17.
Rab1 Bf8 18. Ra1 Nc5 19. f5 Nxd3 20. fxe6 fxe6 21. cxd3 Rc2 22. Rf2 b4 23. Raf1 Bg7 24. Qf3 Qc7 25. Qg4 Re8 26. e4 Bxd3 27. Rf7 Qxf7 28.
Rxf7 Rxd2 29. Rxg7+ Kxg7 30. exd5 Bf5 31. Qh4 Rd1+ 32.
Kf2 Rf8 33. h3 bxa3 34. Be3 a2 35. Bh6+ Kg8 36. Qe7 Rd2+ 37. Kg3 Rxg2+ 38. Kxg2 Be4+ 39. Kg3 Rf3+ 40. Kg4 1-0

[Event "Late-Titled-Tuesday-Blitz-August-29-2023"]
[Site "Chess.com"]
[Date "2023.08.29"]
[Round "10"]
[White "CrushingKings"]
[Black "jcmesafischer"]
[Result "1-0"]
[WhiteElo "2577"]
[BlackElo "2470"]
[TimeControl "180+1"]
[EndTime "15:53:26 PDT"]
[Termination "CrushingKings won on time"]

1. Nf3 Nf6 2. g3 g6 3. b3 Bg7 4. Bb2 O-O 5. Bg2 d5 6. c4 e6 7. O-O c5 8. cxd5 Nxd5 9. Bxg7 Kxg7 10. d4 Nd7 11. dxc5 Qf6 12. Nbd2 Nxc5 13. Rc1 Nc3 14. Qe1 b6 15. Ne5 Bb7 16. Bxb7 Nxb7 17. Nd7 Qd4 18.
Nxf8 Nxa2 19. Rc7 Nc5 20. b4 Nxb4 21. Nb3 Qd6 22. Nxc5 bxc5 23. Qc3+ Kg8 24. Rxc5 Nd5 25.
Qd4 Qxf8 26. e4 Nb6 27. Rc7 Rd8 28. Qf6 Nd7 29. Qc3 Nb6 30. Rxa7 Nc8 31. Rc7 Nd6 32.
Qe5 Nb5 33. Qxb5 Qd6 34. Qc5 Qd3 35. Rc8 Rxc8 36. Qxc8+ Kg7 37. Qc6 Qd4 38. Re1 h5 39. Qc1 Qe5 40. Qe3 Qf6 41. e5 Qe7 42. h4 Kh7 43. Qf4 Kg8 44. Re3 Qc5 45. Rf3 Qc1+ 46. Qxc1 1-0

[Event "Late-Titled-Tuesday-Blitz-August-29-2023"]
[Site "Chess.com"]
[Date "2023.08.29"]
[Round "10"]
[White "bazar-wokzal"]
[Black "Ducke13"]
[Result "1-0"]
[WhiteElo "2556"]
[BlackElo "2424"]
[TimeControl "180+1"]
[EndTime "15:53:28 PDT"]
[Termination "bazar-wokzal won by resignation"]

1. e4 c5 2. c3 d5 3. exd5 Nf6 4. Bb5+ Nbd7 5. c4 a6 6. Bxd7+ Bxd7 7. Nf3 e6 8. dxe6 Bxe6 9. d3 Be7 10. O-O O-O 11.
Nc3 Qc7 12. Bg5 Rad8 13. Qc2 Bf5 14. Rad1 Rfe8 15. Bxf6 Bxf6 16. Nd5 Qd6 17. Rfe1 h6 18. Re3 Rxe3 19. fxe3 Bg4 20. Rf1 Re8 21. Nd2 Qe5 22.
Nxf6+ gxf6 23. Re1 Rd8 24. Ne4 f5 25. Nc3 f4 26.
Nd5 f3 27. Qc3 Qxc3 28. bxc3 Be6 29. e4 fxg2 30. Kxg2 b5 31. cxb5 Bxd5 32. exd5 axb5 33. c4 b4 34. Re2 Ra8 35. Kf3 Ra3 36. Ke4 f5+ 37.
Kxf5 Rxd3 38. Ke6 Rd4 39. d6 Rxc4 40. d7 Rd4 41. Ke7 c4 42. d8=Q+ Rxd8 43. Kxd8 Kf7 44.
Kd7 Kf6 45. Kd6 Kf5 46. Kd5 Kf4 47. Kxc4 Kf3 48. Rb2 h5 49. Kxb4 h4 50. a4 h3 51.
a5 1-0

[Event "Late-Titled-Tuesday-Blitz-August-29-2023"]
[Site "Chess.com"]
[Date "2023.08.29"]
[Round "10"]
[White "vladgoncharov"]
[Black "Orest_Vovk"]
[Result "1-0"]
[WhiteElo "2521"]
[BlackElo "2594"]
[TimeControl "180+1"]
[EndTime "15:53:30 PDT"]
[Termination "vladgoncharov won on time"]

1. d4 g6 2. e4 Bg7 3. Nc3 d6 4. Be3 a5 5. Qd2 Nf6 6. f3 O-O 7. Bh6 Na6 8. h4 c6 9. h5 e5 10. Bxg7 Kxg7 11. hxg6 fxg6 12. Qh6+ Kg8 13. O-O-O Qe7 14. dxe5 dxe5 15. g4 Be6 16. Nh3 Qg7 17.
Qxg7+ Kxg7 18. Ng5 Bg8 19. Bxa6 Rxa6 20. Rd6 Raa8 21.
Rhd1 Rae8 22. b3 h6 23. Nh3 Be6 24. Nf2 Nh7 25. Nd3 Bc8 26. Ne1 Ng5 27. R6d3 h5 28.
gxh5 gxh5 29. R1d2 h4 30. Rg2 Kh6 31. Ne2 h3 32.
Rh2 Kh5 33. Kd2 Rd8 34. Ke3 Rxd3+ 35. cxd3 Be6 36. f4 exf4+ 37. Nxf4+ Kg4 38. Rh1 Rxf4 39. Rg1+ Kh4 40. Kxf4 h2 41. Rh1 Nh3+ 42. Kf3 Bg4+ 43. Kg2 Nf4+ 44. Kxh2 Be2 45. d4 Kg4 46. Rg1+ Kh5 47. Rg7 b5 48. Kg3 Nd3 49. Nxd3 Bxd3 50. Kf4 b4 51. Rc7 Bb1 52. Rxc6 Bxa2 53. Ra6 Bxb3 54.
Rxa5+ Kh6 55. Rb5 1-0

[Event "Late-Titled-Tuesday-Blitz-August-29-2023"]
[Site "Chess.com"]
[Date "2023.08.29"]
[Round "10"]
[White "The_Straightforward_Rook"]
[Black "jk13"]
[Result "0-1"]
[WhiteElo "2513"]
[BlackElo "2686"]
[TimeControl "180+1"]
[EndTime "15:53:31 PDT"]
[Termination "jk13 won by resignation"]

1. d4 Nf6 2. c4 e6 3. Nf3 Bb4+ 4.
Nbd2 O-O 5. a3 Be7 6. Qc2 d5 7. e4 c5 8. e5 Nfd7 9. Bd3 h6 10. Nb3 dxc4 11. Bxc4 cxd4 12. O-O Nc6 13. Bf4 Nb6 14. Rad1 Nxc4 15. Qxc4 Qb6 16. Nbxd4 Nxd4 17. Rxd4 Rd8 18. Rxd8+ Qxd8 19. h4 b6 20. Rc1 Bb7 21. Qc7 Be4 22.
Qxd8+ Bxd8 23. Nd2 Bd5 24. g3 b5 25. Nb1 Bb6 26. Nc3 Bc4 27. Ne4 a6 28. Nd6 Bd5 29. Kf1 Kf8 30. b4 a5 31. Nxb5 axb4 32. axb4 Ra2 33.
Rc8+ Ke7 34. Nd6 Rxf2+ 35. Ke1 Bf3 36. Rb8 Re2+ 37. Kf1 Bd4 38. Re8+ Kd7 39. Rf8 f6 40. b5 Rf2+ 41. Ke1 Rb2 42. Rf7+ Kd8 43. Rf8+ Kc7 44. Rf7+ Kb6 45. Rb7+ Bxb7 46. Nxb7 Kxb7 47. exf6 Bxf6 48. Bxh6 gxh6 49. g4 Rxb5 50. g5 hxg5 51. hxg5 Rxg5 0-1

[Event "Late-Titled-Tuesday-Blitz-August-29-2023"]
[Site "Chess.com"]
[Date "2023.08.29"]
[Round "10"]
[White "Bilan_Danila"]
[Black "FeketeBarika"]
[Result "0-1"]
[WhiteElo "2470"]
[BlackElo "2374"]
[TimeControl "180+1"]
[EndTime "15:53:32 PDT"]
[Termination "FeketeBarika won on time"]

1. d4 e6 2. Nf3 Nf6 3. g3 c5 4. Bg2 cxd4 5. Nxd4 Nc6 6. O-O Be7 7. c4 O-O 8. Nc3 Qb6 9. Ndb5 Ne5 10. Be3 Qa5 11. Qb3 a6 12. Na3 Qb4 13. Bf4 Qxb3 14. axb3 Nc6 15. Nab5 Nh5 16. Nc7 Rb8 17. Bxc6 Nxf4 18.
Bf3 Ng6 19. N7b5 axb5 20. Nxb5 Ne5 21. Bg2 d6 22. Rfd1 Rd8 23. Ra7 Bd7 24. Nc3 Bc6 25. f4 Bxg2 26. Kxg2 Ng4 27. Rd3 Bf6 28. h3 Nh6 29.
Nb5 d5 30. cxd5 exd5 31. g4 Bxb2 32. Nc3 Bxc3 33. Rxc3 d4 34. Rc7 d3 35. exd3 Rxd3 36. Raxb7 Rdd8 37. Kg3 g6 38. Kh4 Rxb7 39. Rxb7 Kg7 40.
Kg3 Ng8 41. Kf3 Nf6 42. Ke3 Nd5+ 43. Ke4 Nc3+ 44. Ke3 Nd1+ 45. Ke2 Nb2 46. b4 Nd3 47. b5 Nxf4+ 48. Kf3 Nxh3 49. Rc7 Ng5+ 50. Kf4 Ne6+ 0-1

[Event "Late-Titled-Tuesday-Blitz-August-29-2023"]
[Site "Chess.com"]
[Date "2023.08.29"]
[Round "10"]
[White "Giorno"]
[Black "ZuraTqebuchava"]
[Result "0-1"]
[WhiteElo "2458"]
[BlackElo "2199"]
[TimeControl "180+1"]
[EndTime "15:53:32 PDT"]
[Termination "ZuraTqebuchava won by resignation"]

1. c4 e5 2. Nf3 d6 3. Nc3 Nf6 4. d4 exd4 5. Nxd4 Be7 6. g3 Nc6 7.
Bg2 Nxd4 8. Qxd4 O-O 9. O-O c6 10. b3 Nd7 11. Bb2 Bf6 12. Qxd6 Qa5 13. Qd2 Nc5 14.
Rfd1 Kh8 15. Ne4 Qxd2 16. Rxd2 Nxe4 17. Bxe4 Bxb2 18. Rxb2 Rd8 19. Kf1 Bh3+ 20. Ke1 Rd4 21. f3 Rad8 22. Kf2 g6 23. g4 Bxg4 24. e3 Rd2+ 25. Rxd2 Rxd2+ 26. Ke1 Rg2 27. Rd1 Rg1+ 28. Kd2 Rxd1+ 29. Kxd1 Be6 30. Kd2 Kg7 31. Kc3 Kf6 32. Kd4 Kg5 33. Ke5 Kh4 34. Kd6 Kh3 35.
Kc7 Kxh2 36. Kxb7 f5 37. Bxc6 f4 38. exf4 Kg3 39. f5 Bxf5 40. Kxa7 h5 41. b4 h4 42. b5 h3 43. b6 Bc8 44. f4 Kxf4 45. b7 Bxb7 46. Kxb7 g5 47. a4 g4 48. a5 g3 49. a6 g2 50. a7 g1=Q 51. a8=Q h2 52. Qg8 Qxg8 0-1

[Event "Late-Titled-Tuesday-Blitz-August-29-2023"]
[Site "Chess.com"]
[Date "2023.08.29"]
[Round "10"]
[White "ilushka"]
[Black "XiaoKangZhong"]
[Result "1-0"]
[WhiteElo "2409"]
[BlackElo "2533"]
[TimeControl "180+1"]
[EndTime "15:53:34 PDT"]
[Termination "ilushka won by checkmate"]

1. e4 d5 2. exd5 Qxd5 3. Nf3 Nf6 4. c4 Qa5 5. Nc3 c5 6. d4 cxd4 7. Nxd4 e6 8. Be2 Bb4 9. O-O Bxc3 10. bxc3 O-O 11.
Qb3 Na6 12. Ba3 Rd8 13. Bf3 Qc7 14. Nb5 Qb6 15. Rfd1 Bd7 16. Nd6 Bc6 17. Nxb7 Rxd1+ 18. Rxd1 Bxf3 19. Qxb6 axb6 20. gxf3 Nc7 21. Rd8+ Rxd8 22.
Nxd8 Nd7 23. Bd6 Ne8 24. Bb4 Nc7 25. f4 Na6 26. Nc6 Ndc5 27. Ne7+ Kh8 28. Nc8 Na4 29.
Kf1 f6 30. Ke2 Kg8 31. Kd3 Kf7 32. Nd6+ Ke7 33. Kc2 Kd7 34. Ne4 Kc6 35. Ng3 Kd7 36. Nh5 f5 37. Nxg7 N4c5 38. Bxc5 Nxc5 39. Nh5 Ne4 40.
f3 Nf6 41. Nxf6+ Ke7 42. Nxh7 Kf7 43. Ng5+ Kg7 44. Nxe6+ Kf6 45. Nd4 Ke7 46. h4 Kd6 47. h5 Kc5 48. h6 Kd6 49. h7 Kc5 50. h8=Q Kxc4 51. Qc8+ Kd5 52. Qc6# 1-0

[Event "Late-Titled-Tuesday-Blitz-August-29-2023"]
[Site "Chess.com"]
[Date "2023.08.29"]
[Round "10"]
[White "valemava"]
[Black "effefe"]
[Result "1-0"]
[WhiteElo "2305"]
[BlackElo "2386"]
[TimeControl "180+1"]
[EndTime "15:53:34 PDT"]
[Termination "valemava won on time"]

1. Nf3 d6 2. b4 Nf6 3. Bb2 g6 4. g3 Bg7 5. Bg2 O-O 6. O-O e5 7. a4 Nc6 8. b5 Ne7 9. c4 Ne8 10. d3 f5 11. Nfd2 g5 12. Nc3 f4 13. Nce4 g4 14.
f3 h5 15. Nb3 Nf5 16. d4 Ne3 17.
Qd3 Nxf1 18. Rxf1 Bf5 19. d5 Nf6 20. Nxf6+ Qxf6 21. Qd2 fxg3 22. hxg3 Qg6 23. f4 exf4 24. Rxf4 Bxb2 25. Qxb2 Rae8 26. Nd4 Bd7 27. Qd2 Rxf4 28.
Qxf4 Rf8 29. Qe3 Qf6 30. Ne6 Re8 31. Be4 Kh8 32. Nxc7 Rc8 33. b6 axb6 34. Qxb6 Bxa4 35. c5 Qd4+ 36. Kh2 Qxe4 37. Qxd6 Qxe2+ 38. Kh1 Qf3+ 39. Kh2 Qf2+ 40. Kh1 Qf1+ 41. Kh2 Rxc7 42. Qxc7 Qf2+ 43. Kh1 Qf3+ 44. Kh2 Qxd5 45. Qf4 Bc6 46. Qh6+ Kg8 47. Qg6+ Kf8 48. Qf6+ Ke8 49. Qh8+ Kd7 50. Qg7+ Ke6 51. Qg6+ Ke7 52. Qg7+ Qf7 53. Qe5+ Kf8 54. Qh8+ Ke7 55.
Qe5+ Kd7 56. Qd6+ Ke8 57. Qe5+ Kf8 58. Qh8+ Qg8 59. Qf6+ Ke8 60. Qe5+ Kd8 61. Qb8+ Kd7 62. Qxg8 Bf3 63. Qg5 Kc6 64. Qxh5 Kb5 65. Qe5 Kc6 66. Kg1 Kb5 67. Kf2 Kc4 68. Ke3 Kb5 69. Kd4 Kc6 70. Qd6+ Kb5 71. Qb6+ Ka4 72. Kc3 1-0

[Event "Late-Titled-Tuesday-Blitz-August-29-2023"]
[Site "Chess.com"]
[Date "2023.08.29"]
[Round "10"]
[White "IlanSchnaider"]
[Black "Anton_Demchenko"]
[Result "1-0"]
[WhiteElo "2739"]
[BlackElo "2911"]
[TimeControl "180+1"]
[EndTime "15:53:35 PDT"]
[Termination "IlanSchnaider won on time"]

1. e4 e5 2. Nf3 Nc6 3. d4 exd4 4. Nxd4 Bc5 5. Nb3 Bb6 6. Nc3 d6 7. Qe2 a5 8. Be3 a4 9. Bxb6 axb3 10. Be3 bxa2 11. Qb5 Nf6 12. Bc4 O-O 13. Bxa2 Be6 14.
O-O Bxa2 15. Nxa2 Nxe4 16. Qxb7 Qd7 17. Nb4 Rxa1 18. Rxa1 Nxb4 19. Qxe4 Qb5 20. Bd4 Nc6 21. Bc3 Nd8 22. Ra5 Qd7 23. Rg5 f6 24. Rg3 Ne6 25.
h4 Qf7 26. Qd5 Nf4 27. Qe4 Nd5 28. Rd3 c6 29. Kh2 Re8 30. Qg4 f5 31. Qg3 Re4 32. Rf3 f4 33. Qg4 h6 34. Qc8+ Qe8 35. Qf5 Qe6 36.
Qh5 Nxc3 37. Rxc3 c5 38. Rd3 c4 39. Rd2 Re5 40. Qf3 Re4 41. c3 1-0

[Event "Late-Titled-Tuesday-Blitz-August-29-2023"]
[Site "Chess.com"]
[Date "2023.08.29"]
[Round "10"]
[White "dorpato"]
[Black "Masterisback04"]
[Result "1-0"]
[WhiteElo "2011"]
[BlackElo "1748"]
[TimeControl "180+1"]
[EndTime "15:53:39 PDT"]
[Termination "dorpato won on time"]

1. e4 c6 2. d4 d5 3. e5 c5 4. c3 cxd4 5. cxd4 Nc6 6. Nf3 Bg4 7.
b3 e6 8. Be2 Bb4+ 9. Bd2 Nge7 10.
Bxb4 Nxb4 11. O-O O-O 12. Nc3 a6 13. Qd2 Rc8 14. Rac1 Nf5 15. h3 Bxf3 16. Bxf3 Nc6 17. Ne2 Qb6 18. Rcd1 Qa5 19. Qb2 b5 20. g4 Nh4 21.
Bg2 f6 22. f4 fxe5 23. fxe5 Qb6 24. Nf4 Nxe5 25. Kh1 Nxg2 26. Kxg2 Nf7 27. Qe2 Rc6 28. Rfe1 Rfc8 29. Qf3 Rc2+ 30. Re2 Ng5 31. Qe3 Ne4 32. Kf3 R2c3 33. Rd3 Rxd3 34. Nxd3 Rf8+ 35. Kg2 Qd6 36.
Ne5 Qe7 37. Rc2 a5 38. Nc6 Qh4 39. Qe2 Rf2+ 40. Qxf2 Nxf2 41. Rxf2 1-0